 Dungeon Crawl Stone Soup version 0.25.0-1-g7eea58d2a3 (console) character file.

Game seed: 11927235960563015575

483 bli the Covered (level 7, -2/49 HPs)
             Began as a Formicid Fighter on June 14, 2020.
             Was a Follower of Hepliaklqana.
             Slain by a worm (7 damage)
             ... on level 5 of the Dungeon.
             The game lasted 00:13:53 (3635 turns).

bli the Covered (Formicid Fighter)                  Turns: 3635, Time: 00:13:53

Health: -2/49      AC: 10    Str: 27    XL:     7   Next: 35%
Magic:  7/7        EV:  9    Int:  7    God:    Hepliaklqana [*.....]
Gold:   174        SH:  7    Dex: 12    Spells: 6/6 levels left

rFire    + . .     SeeInvis +   a - +0 long sword
rCold    + . .     Gourm    .   k - +2 buckler {rC+ rF+}
rNeg     . . .     Faith    .   B - +0 chain mail
rPois    .         Spirit   .   (helmet unavailable)
rElec    .         Reflect  .   (no cloak)
rCorr    .         Harm     .   (no gloves)
MR       .....                  (no boots)
Stlth    ..........             (no amulet)
HPRegen  0.16/turn              A - +6 ring of strength
MPRegen  0.10/turn              E - ring of attention (curse)

@: no status effects
A: permanent stasis, dig shafts and tunnels, four strong arms, reduced essence,
antennae 3
a: Dig, Shaft Self, Recall Ancestor, Ancestor Identity, Renounce Religion


You were on level 5 of the Dungeon.
You worshipped Hepliaklqana.
Hepliaklqana was aware of your devotion.
You were very hungry.

You visited 1 branch of the dungeon, and saw 5 of its levels.

You collected 174 gold pieces.

Inventory:

Hand Weapons
 a - a +0 long sword (weapon)
 v - a +2 mace of holy wrath
 w - a +0 hunting sling
 x - a +4 dagger of flaming
Missiles
 e - 58 stones (quivered)
 g - 30 sling bullets
 o - 20 poisoned darts
 t - 7 boomerangs
Armour
 b - a +0 scale mail
 c - a +0 kite shield
 k - a +2 buckler of resistance (worn)
 B - a +0 chain mail (worn)
Jewellery
 A - a +6 ring of strength (left hand)
 E - a cursed ring of attention (right hand)
Wands
 u - a wand of polymorph (6)
Scrolls
 h - 4 scrolls of teleportation
 n - 2 scrolls of enchant armour {unknown}
 q - 2 scrolls of immolation
 y - a scroll of random uselessness {unknown}
 D - a scroll of magic mapping
Potions
 d - a potion of might
 i - 2 potions of lignification {unknown}
 j - 2 potions of curing {unknown}
 l - a potion of cancellation {unknown}
 p - 2 potions of brilliance
 r - 2 potions of haste {unknown}
 s - a potion of magic {unknown}
 z - a potion of flight {unknown}
 C - a potion of berserk rage
Comestibles
 f - 9 rations


   Skills:
 + Level 4.3 Fighting
 + Level 5.1 Long Blades
 * Level 5.5 Armour
 + Level 1.1 Dodging
 - Level 4.0 Shields


You had 6 spell levels left.
You didn't know any spells.
Your spell library was empty.

Dungeon Overview and Level Annotations

Branches:
Dungeon (5/15)
 Temple: D:4-7

Altars:
Cheibriados
Dithmenos
Hepliaklqana


Innate Abilities, Weirdness & Mutations

You cannot be hasted, slowed, berserked, paralysed or teleported.
You can dig through walls and to a lower floor.
Your four strong arms can wield two-handed weapons with a shield.
You have a pair of large antennae on your head. (SInv)
Your life essence is reduced to manifest your ancestor. (-10% HP)


Message History

The sky beast hits you but does no damage.
You block the iguana's attack.
Busisiwe hits the iguana.
The sky beast hits you but does no damage.
The worm bites you.
* * * LOW HITPOINT WARNING * * *
You barely miss the iguana.
The iguana is severely wounded.
You block the iguana's attack.
Busisiwe hits the iguana.
The sky beast hits you but does no damage.
You hit the iguana but do no damage.
The iguana is severely wounded.
The iguana barely misses you.
Busisiwe hits the iguana but does no damage.
The worm barely misses you.
You riposte.
You slash the worm!
The worm is almost dead.
You block the sky beast's attack. The iguana closely misses you.
You hit the iguana but do no damage.
The iguana is severely wounded.
Busisiwe closely misses the iguana.
You block the sky beast's attack. The worm bites you!
You die...

.......#....
.....%....##
#........... ###
##..........# .#...
#..........#
.....###..........##
.#.#.<...$..........
.......).#..<.......
....$.YR.....#......
.###.l@####........
#.#.w# #.##..... ..
#....... .... ...
..####.## .. ... ...
#.# . .. #.#. #.# .
.. . .# ## ..


You could see the friendly Busisiwe the ancestor, a sky beast, a worm and an
iguana.

Vanquished Creatures
  An ogre (D:4)
  An orc priest (D:5)
  2 orc wizards
  2 worker ants (D:4)
  4 adders
  2 worms (D:2)
  A leopard gecko (D:2)
  13 orcs
  4 goblins
  6 hobgoblins
  24 jackals
  7 kobolds
  5 quokkas
  7 bats
  3 frilled lizards
  A leopard gecko skeleton (D:4)
  4 rats
87 creatures vanquished.

Vanquished Creatures (collateral kills)
  An ogre (D:4)
  A hound skeleton (D:3)
  An adder (D:2)
  An ooze (D:4)
  A dart slug (D:4)
  5 orcs
  2 goblins (D:2)
  A hobgoblin (D:2)
  A bat (D:3)
14 creatures vanquished.

Vanquished Creatures (others)
  An ancestor (D:3)
1 creature vanquished.

Grand Total: 102 creatures vanquished

Notes
Turn   | Place    | Note
-------+----------+-------------------------------------------
     0 | D:1      | bli the Formicid Fighter began the quest for the Orb.
     0 | D:1      | Reached XP level 1. HP: 18/18 MP: 1/1
   138 | D:1      | Reached XP level 2. HP: 24/24 MP: 2/2
   342 | D:1      | Reached XP level 3. HP: 26/29 MP: 3/3
  1082 | D:2      | Reached XP level 4. HP: 36/36 MP: 4/4
  1436 | D:2      | Found a shadowy altar of Dithmenos.
  1436 | D:2      | Found a hazy altar of Hepliaklqana.
  1439 | D:2      | Noticed a shadow
  1444 | D:2      | Became a worshipper of Hepliaklqana the Forgotten
  1922 | D:2      | Reached XP level 5. HP: 26/37 MP: 5/5
  2456 | D:3      | Reached * piety under Hepliaklqana
  2541 | D:3      | Found a faded altar of an unknown god.
  2574 | D:3      | Reached XP level 6. HP: 37/43 MP: 6/6
  2816 | D:4      | Found a snail-covered altar of Cheibriados.
  2939 | D:4      | Noticed an ogre
  2939 | D:4      | Noticed an ogre
  2952 | D:4      | Killed an ogre
  2952 | D:4      | Reached skill level 5 in Armour
  2952 | D:4      | Killed an ogre
  2952 | D:4      | Reached skill level 1 in Dodging
  2952 | D:4      | Reached XP level 7. HP: 36/48 MP: 7/7
  3174 | D:4      | Reached skill level 5 in Long Blades
  3616 | D:5      | Entered Level 5 of the Dungeon
  3635 | D:5      | Slain by a worm

Illustrated notes

Levels and vault maps discovered:
D:1:      psy_arrival_basics, layout_basic, wad_floor_pattern_1
D:2:      layout_basic, riverfiend_overflow_shadow_ancestor
D:3:      layout_rooms, first_ration, chequers_ecumenical_altar_simple_redux
D:4:      layout_loops_ring, kennysheep_slug_shrine
D:5:      layout_rooms, gup_sewer_entry_spiral

Skill      XL: |  1  2  3  4  5  6  7 |
---------------+----------------------+-----
Shields        | 4 |  4.0
Long Blades    | 3 4 5 |  5.1
Armour         | 4 5 |  5.5
Fighting       | 4 |  4.3
Dodging        | 1 |  1.1

Action                   |  1- 3 |  4- 6 |  7- 9 || total
-------------------------+-------+-------+-------++-------
Melee: Long sword        |   118 |   122 |    24 ||   264
Invok: Ancestor Identity |       |     1 |       ||     1
 Abil: Dig               |       |     1 |       ||     1
  Use: Scroll            |       |       |     5 ||     5
  Eat: Chunk             |     1 |     5 |     2 ||     8
Armor: Scale mail        |    54 |    50 |       ||   104
       Chain mail        |       |     5 |    14 ||    19
Dodge: Dodged            |    53 |    49 |    12 ||   114
Block: Kite shield       |    21 |       |       ||    21
       Buckler           |    19 |    54 |    12 ||    85
       Rpst.: Long sword |    12 |    17 |     3 ||    32
